 Dungeon Crawl Stone Soup version 0.21.1-1-g345015f (webtiles) character file.

2396 teukkam the Basher (level 9, -2/83 HPs)
             Began as a Troll Monk on June 11, 2018.
             Slain by an unseen horror (8 damage)
             ... on level 5 of the Dungeon.
             The game lasted 00:31:38 (6083 turns).

teukkam the Basher (Troll Monk)                     Turns: 6083, Time: 00:31:39

Health: -2/83      AC:  5    Str: 31    XL:     9   Next: 22%
Magic:  17/17      EV:  6    Int: 11    God:
Gold:   327        SH: 18    Dex: 12    Spells: 8/8 levels left

rFire    + . .     SeeInvis .   b - +3 mace of Integrity {flame, rC+ rN+ MP+9}
rCold    + . .     Gourm    +   c - +3 large shield
rNeg     + . .     Faith    .   f - +0 robe
rPois    .         Spirit   .   (helmet restricted)
rElec    .         Reflect  .   (no cloak)
rCorr    .         Harm     .   (gloves unavailable)
MR       .....                  (boots unavailable)
Stlth    ++........             (no amulet)
HPRegen  0.63/turn              e - +2 ring of strength
MPRegen  0.15/turn              p - ring of protection from fire

@: mighty, brilliant
A: large, unfitting armour, claws 3, fast metabolism 3, gourmand, regeneration
1, shaggy fur 1, tough skin 2
a: no special abilities


You were on level 5 of the Dungeon.
You were not hungry.

You visited 1 branch of the dungeon, and saw 7 of its levels.
You also visited: Sewer.

You collected 327 gold pieces.

Inventory:

Hand Weapons
 b - the +3 mace of Integrity (weapon) {flame, rC+ rN+ MP+9}
   (You found it on level 4 of the Dungeon)

   It has been specially enchanted to burn those struck by it, causing extra
   injury to most foes and up to half again as much damage against particularly
   susceptible opponents.
   It protects you from cold.
   It protects you from negative energy.
   It affects your magic capacity (+9).
 h - a +2 war axe of electrocution
 C - a +2 falchion of distortion
Missiles
 i - 3 tomahawks (quivered)
 r - 33 poisoned needles
 B - 6 steel tomahawks
 D - 5 javelins
Armour
 c - a +3 large shield (worn)
 f - a +0 robe (worn)
Jewellery
 a - an uncursed ring of magical power
 e - a +2 ring of strength (left claw)
 p - a ring of protection from fire (right claw)
 y - an uncursed ring of positive energy {unknown}
Scrolls
 g - 2 scrolls of teleportation
 j - 4 scrolls of remove curse
 l - 4 scrolls of identify
 o - 2 scrolls of amnesia
 q - a scroll of fear
 t - 2 scrolls of magic mapping
 x - a scroll of blinking {unknown}
 A - a scroll of enchant weapon {unknown}
Potions
 d - 3 potions of curing
 n - a potion of flight
 u - a potion of magic
 w - 4 potions of might
 z - a potion of haste {unknown}
Comestibles
 s - 20 rations


   Skills:
 - Level 3.3 Fighting
 - Level 4.5 Long Blades
 + Level 9.0 Maces & Flails
 - Level 2.4 Dodging
 - Level 1.0 Stealth
 - Level 2.1 Shields
 - Level 4.1 Unarmed Combat


You had 8 spell levels left.
You didn't know any spells.

Dungeon Overview and Level Annotations

Branches:
Dungeon (7/15)             Temple (0/1) D:4

Altars:
Dithmenos
Fedhas
Okawaru
Vehumet
Zin


Innate Abilities, Weirdness & Mutations

You are too large for most types of armour.
You have claws for hands.
Your metabolism is lightning-fast.
You like to eat raw meat.
Your natural rate of healing is unusually fast.
You are covered in fur. (AC +1)
You have very tough skin. (AC +2)


Message History

Something hits you!
* * * LOW HITPOINT WARNING * * *
You block something's attack. Something hits you.
* * * LOW HITPOINT WARNING * * *
Something hits you!
* * * LOW HITPOINT WARNING * * *
You hit something. You burn something. Something hits you but does no damage.
Something hits you but does no damage.
You feel better. You block something's attack. Something hits you.
* * * LOW HITPOINT WARNING * * *
You hit something. You burn something. You block something's attack.
Something hits you!
* * * LOW HITPOINT WARNING * * *
Something hits you.
* * * LOW HITPOINT WARNING * * *
Throwing (i - inventory. (,) - cycle):
i - 4 tomahawks (quivered)
Press: ? - help, Shift-Dir - straight line You throw a tomahawk.
Something hits you!
You die...

##################
#.................
#@################
#(# #.#######
#.(.....#
#(..(...#
##(....(# #......#
#.(....# ####(..#


There were no monsters in sight!

Vanquished Creatures
  Joseph (D:7)
  The ghost of kae the Chopper, an amateur HOAK of Lugonu (D:3)
  A phantom (D:5)
  2 ogres
  A centaur (D:6)
  5 bullfrogs
  3 scorpions
  A crimson imp (D:7)
  6 orc priests
  3 hounds
  A centaur skeleton (D:4)
  3 orc wizards (D:4)
  9 worker ants
  A howler monkey skeleton (D:4)
  A worker ant zombie (D:7)
  4 gnolls
  15 adders
  6 river rats (Sewer)
  3 oozes
  A dart slug (D:2)
  5 worms
  3 leopard geckos
  15 orcs
  5 bats
  4 giant cockroaches
  6 goblins
  10 hobgoblins
  9 jackals
  2 quokkas
  12 ball pythons (Sewer)
  7 frilled lizards
  7 kobolds
  A quokka skeleton (D:6)
  30 rats
184 creatures vanquished.

Vanquished Creatures (others)
  A bullfrog skeleton (D:4)
  A worker ant (D:4)
  An adder (D:3)
  An orc (D:3)
4 creatures vanquished.

Grand Total: 188 creatures vanquished

Notes
Turn   | Place    | Note
-------+----------+-------------------------------------------
     0 | D:1      | teukkam the Troll Monk began the quest for the Orb.
     0 | D:1      | Reached XP level 1. HP: 22/22 MP: 0/0
   220 | D:1      | Reached XP level 2. HP: 29/29 MP: 1/1
   248 | D:2      | Found a shadowy altar of Dithmenos.
   256 | D:2      | Reached skill level 1 in Shields
   256 | D:2      | Reached XP level 3. HP: 28/36 MP: 2/2
   281 | D:2      | Found a radiant altar of Vehumet.
   508 | D:2      | Reached XP level 4. HP: 42/45 MP: 3/3
  1006 | D:3      | Found a blossoming altar of Fedhas.
  1122 | D:3      | Reached XP level 5. HP: 53/53 MP: 4/4
  1834 | D:3      | Reached skill level 1 in Long Blades
  1854 | D:3      | Noticed kae's ghost (amateur HOAK)
  1864 | D:3      | Killed kae's ghost
  1864 | D:3      | Reached XP level 6. HP: 57/61 MP: 5/5
  2447 | D:4      | Reached XP level 7. HP: 49/67 MP: 6/6
  2499 | D:4      | Got a bloodstained mace
  2500 | D:4      | Identified the cursed +3 mace of Integrity {flame, rC+ rN+ MP+9} (You found it on level 4 of the Dungeon)
  2543 | D:4      | Reached skill level 1 in Maces & Flails
  2595 | D:4      | Found a staircase to the Ecumenical Temple.
  2611 | D:4      | Found an iron altar of Okawaru.
  2775 | D:4      | Reached skill level 2 in Maces & Flails
  2793 | D:4      | Reached skill level 3 in Maces & Flails
  2819 | D:4      | Reached skill level 4 in Maces & Flails
  2904 | D:4      | Found a glowing silver altar of Zin.
  3298 | D:4      | Reached XP level 8. HP: 54/75 MP: 7/7
  3356 | D:5      | Entered Level 5 of the Dungeon
  3443 | D:5      | Reached skill level 5 in Maces & Flails
  3607 | D:6      | Found a glowing drain.
  3624 | Sewer    | Entered a sewer
  4571 | Sewer    | Reached skill level 6 in Maces & Flails
  5126 | D:6      | Reached skill level 7 in Maces & Flails
  5385 | D:7      | Noticed Joseph
  5418 | D:7      | Killed Joseph
  5418 | D:7      | Reached skill level 8 in Maces & Flails
  5418 | D:7      | Reached XP level 9. HP: 39/83 MP: 8/8
  5822 | D:5      | Reached skill level 9 in Maces & Flails
  6083 | D:5      | Slain by an unseen horror

Skill      XL: |  1  2  3  4  5  6  7  8  9 |
---------------+----------------------------+-----
Shields        | 1 2 |  2.1
Fighting       | 3 |  3.3
Unarmed Combat | 4 |  4.1
Long Blades    | 3 4 |  4.5
Maces & Flails | 4 8 9 |  9.0
Dodging        | |  2.4
Stealth        | |  1.0

Action                   |  1- 3 |  4- 6 |  7- 9 || total
-------------------------+-------+-------+-------++-------
Melee: Unarmed           |    47 |    90 |       ||   137
       Falchion          |       |    95 |     3 ||    98
       Mace              |       |       |   379 ||   379
Throw: Tomahawk          |       |       |    12 ||    12
  Use: Potion            |       |     2 |    10 ||    12
       Scroll            |       |     1 |    11 ||    12
 Stab: Sleeping          |     1 |     2 |     2 ||     5
       Distracted        |       |     1 |       ||     1
  Eat: Chunk             |     8 |    15 |    32 ||    55
       Ration            |       |       |     1 ||     1
Armor: Robe              |    16 |    45 |   106 ||   167
       Skin              |       |     1 |       ||     1
Dodge: Dodged            |     3 |    34 |    72 ||   109
Block: Large shield      |    30 |   145 |   358 ||   533
       Rpst.: Falchion   |       |     3 |       ||     3
